 Dungeon Crawl Stone Soup version 0.28.0-53-g5a82cb258f (webtiles) character file.

Game seed: 11934607083787531149

551 pkoi the Conjurer (level 6, -8/45 HPs)
             Began as a Demigod Conjurer on June 6, 2022.
             Mangled by an ogre
             ... wielding a +0 giant club
              (21 damage)
             ... on level 6 of the Dungeon.
             The game lasted 00:05:05 (5181 turns).

pkoi the Conjurer (Demigod Conjurer)                Turns: 5181, Time: 00:05:05

Health: -8/45      AC:  3    Str:  8    XL:     6   Next: 80%
Magic:  3/13       EV: 12    Int: 28    God:
Gold:   215        SH:  0    Dex: 12    Spells: 4/11 levels left

rFire   . . .      SeeInvis .   f - +0 falchion
rCold   . . .      Faith    .   (no shield)
rNeg    . . .      Spirit   .   a - +0 robe
rPois   .          Reflect  .   h - +0 helmet
rElec   .          Harm     .   (no cloak)
rCorr   .          Rampage  .   (no gloves)
Will    .....                   (no boots)
Stlth   ++........              (no amulet)
HPRegen 0.15/turn               (no ring)
MPRegen 0.13/turn               (no ring)

@: no status effects
A: high MP 1, forlorn, divine attributes
a: no special abilities


You were on level 6 of the Dungeon.
You visited 1 branch of the dungeon, and saw 7 of its levels.

You collected 215 gold pieces.

Inventory:

Hand Weapons
 f - a +0 falchion (weapon)
 g - a +0 dagger
 l - a +0 whip
Armour
 a - a +0 robe (worn)
 h - a +0 helmet (worn)
Wands
 d - a wand of flame (14)
Potions
 b - a potion of curing
 c - a potion of might
 e - a potion of invisibility
 i - a potion of ambrosia {unknown}
 j - 2 potions of heal wounds
 k - a potion of brilliance


   Skills:
 - Level 1.7 Dodging
 - Level 1.7 Stealth
 - Level 3.0 Spellcasting
 - Level 6.4 Conjurations
 + Level 1.0 Hexes
 - Level 3.0 Translocations


You had 4 spell levels left.
You knew the following spells:

 Your Spells              Type           Power      Damage    Failure   Level
a - Magic Dart            Conj           100%       1d8       1%          1
b - Searing Ray           Conj           80%        2d7       1%          2
c - Iskenderun's Mystic   Conj/Tloc      30%        2d8       12%         4

Your spell library contained the following spells:

 Spells                   Type           Power      Damage    Failure   Level
 Dazzling Flash           Conj/Hex       50%        N/A       5%          3
 Fulminant Prism          Conj/Hex       12%        3d9       19%         4
 Summon Lightning Spire   Summ/Air       4%         N/A       63%         4
 Storm Form               Tmut/Air       2%         N/A       100%        7
 Maxwell's Capacitive Co  Air            2%         ∞         100%        8


Dungeon Overview and Level Annotations

Branches:
Dungeon (7/15)
 Temple: D:4-7

Shops:
D:3 *

Annotations:
D:7 2 transporters


Innate Abilities, Weirdness & Mutations

You have an increased reservoir of magic. (+10% MP)
You shall have no god before yourself.
Your divine heritage dramatically boosts your attributes as you level up.


Message History

Items here: ! ( )) †.
Unknown command.
Found a stone staircase leading down.
An adder comes into view.
The adder hisses angrily.
The adder barely misses you. The ogre misses you. The adder closely misses you.
The adder completely misses you.
Casting: Searing Ray (safe; 1% risk of failure)
Confirm with . or Enter, or press ? or * to list all spells.
Aiming: Searing Ray (safe; 1% risk of failure)
Press: ? - help, Shift-Dir - straight line, f - adder
Aim: an adder (70% to hit)
The searing ray misses the adder.
The searing ray hits the ogre.
The ogre is lightly wounded. (Press . to maintain the ray.)
The adder bites you.
* * * LOW HITPOINT WARNING * * *
The adder bites you.
* * * LOW HITPOINT WARNING * * *
The searing ray hits the adder.
The adder is heavily wounded.
The searing ray hits the ogre.
The ogre is moderately wounded.
The adder closely misses you.
Unknown command.
Casting: Searing Ray (safe; 1% risk of failure)
Confirm with . or Enter, or press ? or * to list all spells.
Aiming: Searing Ray (safe; 1% risk of failure)
Press: ? - help, Shift-Dir - straight line, f/p - adder
Aim: an adder (heavily wounded, 70% to hit)
The searing ray hits the adder!
You kill the adder!
The searing ray misses the ogre. (Press . to maintain the ray.)
Your Hexes skill increases to level 1!
The searing ray hits the ogre.
The ogre is heavily wounded.
The ogre hits you with a +0 giant club!!
You die...

#########
###.......######
..............###
.###.##.#..####....
........O...))<.^##
###.##.#..####.###
####.##.#..# #....
#.@O.......# ####.
#.#######.## #. #.#
#.# #. ##.## #.# #$
###...######.## #.
#...#.........## #.
#.#...####.....# #.
#.##.####......######.
#.##.# #............#.


You could see an ogre.

Vanquished Creatures
  An ogre (D:5)
  A kobold brigand (D:6)
  A bullfrog (D:6)
  A howler monkey (D:6)
  A centaur skeleton (D:3)
  An iguana (D:7)
  Natasha (thrice) (D:3)
  3 gnolls (D:3)
  A howler monkey skeleton (D:7)
  5 adders
  A worm (D:3)
  A dart slug (D:2)
  3 orcs (D:3)
  11 ball pythons
  12 bats
  6 endoplasms
  5 giant cockroaches
  3 hobgoblins
  8 kobolds
  3 quokkas
  5 frilled lizards
  7 goblins
  6 rats
89 creatures vanquished.

Vanquished Creatures (others)
  9 plants (D:7)
9 creatures vanquished.

Grand Total: 98 creatures vanquished

Notes
Turn   | Place    | Note
-------+----------+-------------------------------------------
     0 | D:1      | pkoi the Demigod Conjurer began the quest for the Orb.
     0 | D:1      | Reached XP level 1. HP: 14/14 MP: 5/5
   473 | D:1      | Reached skill level 4 in Conjurations
   658 | D:1      | Reached XP level 2. HP: 20/20 MP: 5/7
  1349 | D:2      | Reached XP level 3. HP: 26/26 MP: 5/8
  1544 | D:2      | Learned a level 2 spell: Searing Ray
  2057 | D:3      | Found Vuog's Assorted Antiques.
  2202 | D:3      | Noticed Natasha
  2204 | D:3      | Killed Natasha
  2205 | D:3      | Reached skill level 5 in Conjurations
  2304 | D:3      | Reached XP level 4. HP: 17/33 MP: 2/9
  2606 | D:3      | Noticed Natasha
  2611 | D:3      | Killed Natasha
  2986 | D:3      | Noticed Natasha
  2989 | D:3      | Killed Natasha
  2990 | D:3      | Reached skill level 6 in Conjurations
  2990 | D:3      | Reached XP level 5. HP: 32/38 MP: 6/10
  3539 | D:3      | Learned a level 4 spell: Iskenderun's Mystic Blast
  4541 | D:4      | You fall into a shaft and drop 3 floors!
  4549 | D:7      | Noticed a komodo dragon
  4728 | D:7      | Reached skill level 1 in Translocations
  4890 | D:7      | Noticed a black bear
  4902 | D:7      | Found a transporter.
  4904 | D:7      | Noticed a white ugly thing
  4907 | D:7      | Found a transporter.
  4907 | D:7      | Noticed a cyan ugly thing
  4912 | D:6      | Reached XP level 6. HP: 30/45 MP: 6/12
  5099 | D:5      | Entered Level 5 of the Dungeon
  5181 | D:6      | Reached skill level 1 in Hexes
  5181 | D:6      | Mangled by an ogre

Illustrated notes

Levels and vault maps discovered:
D:1:      amcnicky_arrival_underground_garden, layout_rooms,
          dreamdust_ecumenical_altar_hidden_monk_grotto
D:2:      layout_loops_ring, serial_bayou_pond_a
D:3:      layout_basic, serial_shops, shop, minmay_increasing_density,
          uniq_natasha
D:4:      layout_basic, grunt_decor_one_mirror, minmay_misc_feat_more_columns,
          minmay_misc_feat_four_crosses
D:5:      layout_rooms, minmay_temple_entry_water_ring
D:6:      layout_loops_ring, eino_tiny_chamber
D:7:      gammafunk_corrupted_shrine, layout_cave_pods,
          minmay_misc_feat_pillars, st_stairs_13, minmay_lizard_king,
          uniq_crazy_yiuf_cottage

Skill      XL: |  1  2  3  4  5  6 |
---------------+-------------------+-----
Conjurations   | 4 5 6 |  6.4
Spellcasting   | 2 3 |  3.0
Translocations | 1 3 |  3.0
Hexes          | 1 |  1.0
Dodging        | |  1.7
Stealth        | |  1.7

Action                   |  1- 3 |  4- 6 || total
-------------------------+-------+-------++-------
Melee: Falchion          |     6 |    25 ||    31
 Cast: Magic Dart        |    84 |    56 ||   140
       Searing Ray       |     1 |    15 ||    16
  Use: Scroll            |     5 |     3 ||     8
       Potion            |     3 |       ||     3
Armor: Robe              |     4 |     6 ||    10
Dodge: Dodged            |     6 |    43 ||    49
